 Dungeon Crawl Stone Soup version 0.28.0-47-ge53b351184 (webtiles) character file.

Game seed: 14915709755829040547

198 Cak3Hol3 the Gusty (level 5, -7/28 HPs)
             Began as a Tengu Air Elementalist on May 4, 2022.
             Was a Follower of Zin.
             Killed from afar by Blork the orc (8 damage)
             ... with a magic dart
             ... on level 3 of the Dungeon.
             The game lasted 00:25:31 (4491 turns).

Cak3Hol3 the Gusty (Tengu Air Elementalist)         Turns: 4491, Time: 00:25:32

Health: -7/28      AC:  2    Str:  8    XL:     5   Next: 77%
Magic:  0/10       EV: 15    Int: 18    God:    Zin [*.....]
Gold:   113        SH:  0    Dex: 14    Spells: 4/10 levels left

rFire   . . .      SeeInvis .   e - +2 dagger (elec)
rCold   . . .      Faith    .   (no shield)
rNeg    . . .      Spirit   .   a - +0 robe
rPois   .          Reflect  .   (helmet restricted)
rElec   .          Harm     .   (no cloak)
rCorr   .          Rampage  .   (no gloves)
Will    .....                   (boots unavailable)
Stlth   ++........              (no amulet)
HPRegen 0.09/turn               (no ring)
MPRegen 0.12/turn               (no ring)

@: lethally poisoned (-7 -> -17), reciting, flying quickly and evasively, quick
A: beak, talons 3, nimble flight
a: Renounce Religion, Recite, Donate Gold


You were on level 3 of the Dungeon.
You worshipped Zin.
Zin was aware of your devotion.
You visited 1 branch of the dungeon, and saw 4 of its levels.

You collected 200 gold pieces.
You donated 87 gold pieces to Zin.

Inventory:

Hand Weapons
 b - a +0 hunting sling
 e - a +2 dagger of electrocution (weapon)
 i - a +2 short sword of venom
 n - a +3 spear of flaming
 v - a +0 short sword of draining
Missiles
 c - 169 stones
 d - 25 sling bullets
Armour
 a - a +0 robe (worn)
 f - a +1 ring mail of willpower
Scrolls
 h - 5 scrolls of identify {unknown}
 j - a scroll of torment {unknown}
 k - a scroll of holy word {unknown}
 m - a scroll of amnesia {unknown}
 o - a scroll of blinking {unknown}
 p - a scroll of brand weapon {unknown}
 q - a scroll of enchant armour {unknown}
 s - a scroll of teleportation {unknown}
 t - a scroll of vulnerability {unknown}
 u - a scroll of enchant weapon {unknown}
Potions
 g - 2 potions of curing {unknown}
 l - a potion of cancellation {unknown}
 r - a potion of invisibility {unknown}


   Skills:
 + Level 0.4 Fighting
 + Level 0.3 Short Blades
 + Level 2.7 Dodging
 * Level 2.6 Stealth
 + Level 3.2 Spellcasting
 + Level 2.4 Conjurations
 * Level 6.0 Air Magic


You had 4 spell levels left.
You knew the following spells:

 Your Spells              Type           Power      Damage    Failure   Level
a - Shock                 Conj/Air       72%        1d7       2%          1
b - Swiftness             Air            24%        N/A       4%          3
c - Static Discharge      Conj/Air       18%        N/A       4%          2

Your spell library contained the following spells:

 Spells                   Type           Power      Damage    Failure   Level
 Airstrike                Air            12%        N/A       13%         4


Dungeon Overview and Level Annotations

Branches:
Dungeon (4/15)
 Temple: D:4-7

Altars:
Wu Jian
Zin

Annotations:
D:3 Blork the orc


Innate Abilities, Weirdness & Mutations

You have a beak for a mouth.
You have claws for feet.
Your magical nature lets you fly swiftly and evasively.


Message History

Press: ? - help, Q - select action, (/) - cycle Shift-Dir - straight line, f/p - Blork the orc
Aim: Blork the orc, wielding a +1 hand axe of venom, wearing a +0 robe and carrying a wand of iceblast (4) (heavily wounded, 75% to hit)
The zap hits Blork the orc.
Blork the orc is heavily wounded.
Blork the orc casts a spell at you. The puff of frost hits you!
Aiming: Shock (safe; 2% risk of failure)
Press: ? - help, Q - select action, (/) - cycle Shift-Dir - straight line, f/p - Blork the orc
Aim: Blork the orc, wielding a +1 hand axe of venom, wearing a +0 robe and carrying a wand of iceblast (4) (heavily wounded, 75% to hit)
The zap hits Blork the orc.
Blork the orc is severely wounded.
Blork the orc barely misses you.
You fly upwards.
There is a stone staircase leading down here.
Okay, then.
Activating: Recite (10% risk of failure)
Press: ? - help, Q - select action, (/) - cycle Dir - look around, f - activate You clear your throat and prepare to recite. "In a great set of silver scales are weighed the..."
Blork the orc hits you with a +1 hand axe of venom!
* * * LOW HITPOINT WARNING * * *
Casting: Static Discharge (safe; 4% risk of failure)
Press: ? - help, Q - select action, (/) - cycle Dir - look around, f - activate Look: Blork the orc, wielding a +1 hand axe of venom, wearing a +0 robe and carrying a wand of iceblast (4) (heavily wounded) Blork the orc is struck by an arc of lightning.
Blork the orc is severely wounded.
You are struck by an arc of lightning.
* * * LOW HITPOINT WARNING * * *
Blork the orc is struck by an arc of lightning.
Blork the orc is almost dead.
The lightning grounds out. "...souls of the servants of Hell, and with their sacrilegious..."
Blork the orc hits you with a +1 hand axe of venom.
Zin protects you from harm!
You are lethally poisoned!
* * * LOW HITPOINT WARNING * * *
You feel very sick.
Blork the orc points at you and mumbles some strange words.
The magic dart hits you!
You die...

#.#..........##.....#.# #.#.....
#.#....#.....##.....#.# #.#....#
#.####.#####..#.....#.# #.#....#
.....#.# ####.#....##.# #.#....#
#.##.#.# #.......#.##.####.#.#+##
...#.#.###.#.#........#......#.#
####.............#.............#
.....≈≈≈≈≈≈≈≈≈...################
####.≈.......≈.>@................
.....≈.≈≈≈≈≈.≈o#.################
###..≈.....≈.≈.#.# #
.##..≈.≈._.≈.≈.#.# #
.##..≈.≈§§.≈.≈.#.# #
.##..≈.≈§§≈≈.≈.#.# #
.##..≈...§...≈.#.############## #
.##..≈≈≈≈≈≈≈≈.................# #
###.............#############.# #


You could see Blork the orc.

Vanquished Creatures
  Natasha (thrice) (D:2)
  Robin (D:2)
  2 adders (D:3)
  3 worms
  An orc (D:4)
  9 endoplasms
  3 giant cockroaches (D:1)
  15 goblins
  12 hobgoblins
  8 kobolds
  2 quokkas
  5 ball pythons
  3 bats
  2 frilled lizards
  8 rats
77 creatures vanquished.

Notes
Turn   | Place    | Note
-------+----------+-------------------------------------------
     0 | D:1      | Cak3Hol3 the Tengu Air Elementalist began the quest for the
                  | Orb.
     0 | D:1      | Reached XP level 1. HP: 10/10 MP: 4/4
   114 | D:1      | Reached XP level 2. HP: 14/15 MP: 1/6
   569 | D:1      | Reached XP level 3. HP: 19/19 MP: 0/7
  1125 | D:2      | Learned a level 3 spell: Swiftness
  1147 | D:2      | Reached skill level 5 in Air Magic
  1256 | D:2      | Noticed Natasha
  1267 | D:2      | Killed Natasha
  1268 | D:2      | Reached XP level 4. HP: 13/24 MP: 3/9
  1489 | D:2      | Noticed Robin
  1646 | D:2      | Noticed Natasha
  1649 | D:2      | Killed Natasha
  1712 | D:2      | Noticed Natasha
  1727 | D:2      | Killed Natasha
  1728 | D:2      | Gained mutation: Your magical nature lets you fly swiftly
                  | and evasively. [Tengu growth]
  1728 | D:2      | Reached XP level 5. HP: 12/28 MP: 1/10
  1911 | D:2      | Killed Robin
  2587 | D:3      | Found an ornate altar of the Wu Jian Council.
  2626 | D:3      | Found a glowing silver altar of Zin.
  2629 | D:3      | Became a worshipper of Zin the Law-Giver
  2629 | D:3      | Reached * piety under Zin
  2630 | D:3      | Donated 67 gold pieces to Zin
  3231 | D:3      | Reached skill level 6 in Air Magic
  3750 | D:4      | Noticed Blork the orc
  4043 | D:3      | Learned a level 2 spell: Static Discharge
  4082 | D:4      | Noticed a phantom
  4490 | D:3      | Zin protects you from harm!
  4491 | D:3      | HP: 1/28 [poisoned by Blork the orc]
  4491 | D:3      | Killed from afar by Blork the orc

Illustrated notes

Levels and vault maps discovered:
D:1:      dpeg_arrival_three_same_balls, layout_basic, minmay_bisected
D:2:      layout_loops_ring, kennysheep_generic_room_14, uniq_robin,
          uniq_natasha
D:3:      layout_basic, zin_statuary, mainiacjoe_overflow_concentric_impassable,
          chequers_serial_rivers_small_3
D:4:      layout_rooms, nicolae_tso_besieged_by_evil, uniq_blork_the_orc

Skill      XL: |  1  2  3  4  5 |
---------------+----------------+-----
Air Magic      | 5 6 |  6.0
Spellcasting   | 3 |  3.2
Conjurations   | 2 |  2.4
Fighting       | |  0.4
Short Blades   | |  0.3
Dodging        | |  2.7
Stealth        | |  2.6

Action                   |  1- 3 |  4- 6 || total
-------------------------+-------+-------++-------
Melee: Dagger            |     7 |    12 ||    19
       Kick              |     3 |     2 ||     5
       Peck              |     2 |     1 ||     3
 Cast: Shock             |    65 |    98 ||   163
       Swiftness         |       |     3 ||     3
       Static Discharge  |       |     1 ||     1
Invok: Recite            |       |     1 ||     1
       Donate Gold       |       |     1 ||     1
 Stab: Sleeping          |       |     4 ||     4
Armor: Robe              |     2 |     5 ||     7
Dodge: Dodged            |     2 |    24 ||    26
